 Dungeon Crawl Stone Soup version 0.21.1-1-g345015f (webtiles) character file.

280257 Matador8 the Warrior (level 19, -38/165 HPs)
             Began as a Demonspawn Gladiator on Apr 13, 2018.
             Was the Champion of Nemelex Xobeh.
             Killed from afar by a lich (63 damage)
             ... with a crystal spear
             ... on level 4 of the Vaults on Apr 14, 2018.
             The game lasted 10:21:52 (74121 turns).

Matador8 the Warrior (Demonspawn Gladiator)        Turns: 74121, Time: 10:21:53

Health: -38/165    AC: 20    Str: 21    XL:     19   Next: 67%
Magic:  9/9        EV: 18    Int: 12    God:    Nemelex Xobeh [******]
Gold:   1514       SH:  0    Dex: 14    Spells: 17/18 levels left

rFire    + . .     SeeInvis .   k - +1 demon whip (antimagic)
rCold    + . .     Gourm    .   L - +2 shield {rPois}
rNeg     . . .     Faith    .   h - +3 ring mail {MR+}
rPois    +         Spirit   .   (helmet unavailable)
rElec    .         Reflect  .   I - +2 cloak
rCorr    .         Harm     .   u - +2 pair of gloves
MR       ++...                  G - +0 pair of boots
Stlth    ..........             w - amulet of rage
HPRegen  0.37/turn              A - ring of protection from cold
MPRegen  0.11/turn              K - +6 ring of protection

@: confused, corroded
A: horns 3, slimy green scales 2, fire resistance 1, powered by death 2, powered
by pain 3
}: 2/15 runes: barnacled, gossamer
a: Triple Draw, Deal Four, Stack Five, Renounce Religion, Evoke Berserk Rage


You were on level 4 of the Vaults.
You worshipped Nemelex Xobeh.
Nemelex Xobeh was exalted by your worship.
You were not hungry.

You visited 7 branches of the dungeon, and saw 36 of its levels.

You collected 3064 gold pieces.
You spent 1550 gold pieces at shops.

Inventory:

Hand Weapons
 a - a +2 flail of crushing
 b - a +0 hunting sling
 e - a +2 flail of holy wrath
 k - a +1 antimagic demon whip (weapon)
 X - a +3 eveningstar
Missiles
 r - 101 sling bullets
 W - 18 javelins (quivered)
Armour
 d - +1 acid dragon scales
 h - a +3 ring mail of magic resistance (worn)
 j - a +2 ring mail of fire resistance
 l - a +0 chain mail of magic resistance
 u - a +2 pair of gloves (worn)
 G - a +0 pair of boots (worn)
 H - a +0 chain mail of cold resistance
 I - a +2 cloak (worn)
 L - a +2 shield of poison resistance (worn)
Jewellery
 n - an uncursed amulet of guardian spirit
 s - an uncursed amulet of regeneration
 w - an amulet of rage (around neck)
 A - a ring of protection from cold (left hand)
 K - a +6 ring of protection (right hand)
 R - an uncursed ring of protection from magic
Wands
 x - a wand of digging (28)
 E - a wand of paralysis (15)
Scrolls
 c - 2 scrolls of fog
 m - 7 scrolls of vulnerability
 q - 12 scrolls of remove curse
 v - 2 scrolls of magic mapping
 F - 5 scrolls of teleportation
 S - 4 scrolls of fear
 T - a scroll of silence
 U - 6 scrolls of identify
 V - a scroll of immolation
Potions
 i - 7 potions of curing
 o - 2 potions of resistance
 p - 2 potions of agility
 J - a potion of invisibility
 M - a potion of haste
 N - 2 potions of mutation
 Y - a potion of ambrosia
Books
 Q - a book of Clouds

   Spells                             Type                      Level
   a - Poisonous Vapours              Poison/Air                   2
   b - Mephitic Cloud                 Conjuration/Poison/Air       3
   c - Conjure Flame                  Conjuration/Fire             3
   d - Freezing Cloud                 Conjuration/Ice/Air          6
   e - Ring of Flames                 Charms/Fire                  7
Miscellaneous
 t - a plain deck of escape {the Cloud, left: 4}
 y - an ornate deck of escape
 z - a legendary deck of destruction
 B - an ornate deck of summoning {drawn: 10}
 C - a legendary deck of escape
 D - a phial of floods (inert)
 O - an ornate deck of escape
 P - a plain deck of destruction
 Z - a legendary deck of destruction
Comestibles
 f - 25 rations
 g - 4 chunks of flesh


   Skills:
 + Level 18.9 Fighting
 - Level 14.7 Maces & Flails
 - Level 4.7(5.4) Slings
 - Level 4.0(5.0) Throwing
 - Level 12.0 Armour
 - Level 12.5 Dodging
 + Level 12.6 Shields
 - Level 13.3 Invocations
 - Level 5.0 Evocations


You had 17 spell levels left.
You knew the following spells:

 Your Spells              Type           Power        Failure   Level  Hunger
a - Confusing Touch       Hex            #.....       54%         1    ##.....


Dungeon Overview and Level Annotations

Branches:
Dungeon (15/15)            Temple (1/1) D:6            Lair (6/6) D:10
 Shoals (4/4) Lair:3       Spider (4/4) Lair:4        Slime (0/5) Lair:5
    Orc (2/2) D:10            Elf (0/3) Orc:2        Vaults (4/5) D:13
  Crypt (0/3) Vaults:2     Depths (0/5) D:15

Altars:
Ashenzari
Cheibriados
Dithmenos
Elyvilon
Fedhas
Gozag
Hepliaklqana
Kikubaaqudgha
Makhleb
Nemelex Xobeh
Okawaru
Qazlal
Ru
Sif Muna
Trog
Uskayaw
Vehumet
Wu Jian
Xom
Yredelemnul
Zin
The Shining One
Beogh
Jiyva

Shops:
D:10 [   D:12 :   D:13 ((??[   Orc:1 %   Orc:2 (%%?(   Vaults:1 *

Annotations:
D:8 exclusion: 2 oklob plants
D:9 empire's ghost, journeyman DrGl
Shoals:2 exclusion: Roxanne, Roxanne


Innate Abilities, Weirdness & Mutations

You have a pair of large horns on your head.
You are mostly covered in slimy green scales. (AC +3)
Your flesh is heat resistant. (rF+)
You regenerate health from kills.
You are powered by pain.


Message History

The quasit bites you but does no damage.
The quasit claws you but does no damage. x2
Your centaur shoots an arrow.
The arrow hits the quasit!
The arrow disappears in a puff of smoke!
The deep troll bites your water elemental!
Your water elemental is destroyed!
The lich completely misses you.
The quasit bites you but does no damage.
The quasit claws you but does no damage. x2
You turn to flesh and can move again.
You are confused.
You feel invigorated.
Your centaur shoots an arrow.
The arrow completely misses the quasit.
The arrow closely misses the lich.
The arrow disappears in a puff of smoke!
The lich casts a spell at you. The bolt of acid misses you.
The lich casts a spell at you. The crystal spear hits you!
You die...
Your body glows with a rainbow of weird colours and disappears.

#....?......# #...........#
#...........# #.......<...#
#...........#
####+#####'### ##### #####
........##...###...###≈≈.##
........'.....#.5L3.#≈....#
..<..[..#.....'c@pCTTT≈...#
........#...###########...#
........##..# #..##
........###'# #'##
........##..# #L.##
#####(###...# #...#
...)....#...# #...#
...)....'...# #p..#
...)....##..# #..##


You could see an ironheart preserver, a stone giant, a lich, 2 deep trolls, a
deep troll shaman, a neqoxec, a quasit and a friendly centaur.

Vanquished Creatures
  Nikola (Shoals:3)
  Rupert (Lair:5)
  A titan (Spider:2)
  Frances (Shoals:2)
  3 sphinxes
  A tengu reaver (Vaults:1)
  4 orc warlords
  2 emperor scorpions
  2 frost giants (Vaults:2)
  8 vault wardens
  2 ghost moths (Spider:4)
  Aizul (Vaults:3)
  7 ironheart preservers
  A very ugly thing (Vaults:1)
  2 stone giants
  2 entropy weavers
  2 spark wasps (Spider:3)
  Snorg (D:12)
  A fire dragon (Vaults:3)
  A merfolk javelineer (Shoals:4)
  11 merfolk impalers
  4 great orbs of eyes
  11 ogre magi
  9 yaktaur captains
  9 vault guards
  6 hydras
  2 catoblepae
  3 merfolk aquamancers
  30 two-headed ogres
  9 centaur warriors
  A death knight (Vaults:3)
  2 tengu warriors (D:15)
  5 death yaks
  A satyr (Shoals:4)
  5 hell knights (Vaults:2)
  2 deep elf knights (Vaults:2)
  An orc high priest (Orc:2)
  A shadow wraith (Vaults:2)
  7 skeletal warriors
  5 sea snakes
  2 unseen horrors
  A deep troll (D:15)
  A wizard (Vaults:1)
  A kraken simulacrum (Shoals:4)
  2 deep elf archers
  14 orc knights
  4 harpies
  A wolf spider zombie (D:15)
  10 ironbrand convokers
  8 deep elf magi
  3 necromancers
  5 ugly things
  10 orc sorcerers
  26 wolf spiders
  A salamander (shapeshifter) (Vaults:3)
  14 slime creatures
  6 fauns
  8 cyclopes
  8 manticores
  11 orb spiders
  12 elephants
  3 moths of wrath
  14 vault sentinels
  7 centaur zombies
  A water nymph (Shoals:4)
  11 merfolk sirens
  2 black mambas
  2 frost giant skeletons (Vaults:2)
  8 human skeletons (Vaults:2)
  2 gargoyles (D:12)
  14 spiny frogs
  Joseph (D:7)
  A torpor snail (Spider:2)
  3 rime drakes
  10 demonic crawlers
  2 tengu conjurers
  31 yaktaurs
  10 komodo dragons
  2 freezing wraiths (Vaults:1)
  A yaktaur skeleton (Vaults:2)
  14 merfolk
  A queen bee (Spider:1)
  6 trolls
  A jumping spider (shapeshifter) (Vaults:3)
  35 jumping spiders
  4 hornets
  3 meliai (Spider:1)
  4 polar bears
  3 wind drakes
  A wind drake (shapeshifter) (Vaults:2)
  A polar bear (shapeshifter) (D:14)
  A meliai zombie (D:15)
  7 dream sheep
  13 blink frogs
  8 snapping turtles
  10 hippogriffs
  79 redbacks
  2 redbacks (shapeshifter) (Vaults:1)
  An ettin skeleton (Vaults:2)
  A spriggan (shapeshifter) (Vaults:2)
  20 tarantellas
  9 water elementals
  4 shadows
  5 wyverns
  6 basilisks
  4 wraiths
  35 yaks
  2 vampires
  A fire bat (shapeshifter) (Vaults:1)
  A hog (shapeshifter) (D:13)
  2 hungry ghosts
  Menkaure (D:7)
  2 vampire mosquitoes (D:15)
  6 wargs
  An acid dragon (Vaults:1)
  8 water moccasins
  42 orc warriors
  5 porcupines
  7 ice beasts
  A black bear (D:4)
  5 phantoms
  An eye of draining (shapeshifter) (Vaults:3)
  A black bear (shapeshifter) (Vaults:3)
  2 eyes of draining
  2 necrophages
  4 sky beasts
  28 ogres
  6 boggarts
  2 orc skeletons (Vaults:2)
  18 centaurs
  5 big kobolds
  8 crocodiles
  A gnoll sergeant (D:10)
  19 bullfrogs
  2 wyvern zombies
  4 scorpions
  32 killer bees
  An elf simulacrum (Vaults:3)
  4 wights (D:7)
  A howler monkey (D:7)
  9 electric eels
  9 crimson imps
  A lava snake (Orc:2)
  2 bullfrog zombies
  9 hounds
  6 jellies
  4 bullfrog skeletons
  8 centaur skeletons
  26 orc priests
  28 orc wizards
  A gnoll shaman (D:7)
  Jessica (D:2)
  Terence (D:2)
  6 iguanas
  3 polar bear simulacra (Lair:6)
  8 worker ants
  3 yak simulacra (Lair:6)
  3 wolf simulacra (Lair:6)
  A hound zombie (D:11)
  2 worker ant zombies
  18 gnolls
  A river rat (shapeshifter) (Vaults:2)
  24 adders
  4 shadow imps
  An ooze (Lair:5)
  3 adder skeletons
  5 worms
  2 dart slugs
  3 leopard geckos
  117 orcs
  4 bats
  8 giant cockroaches
  10 goblins
  5 hobgoblins
  2 jackals (D:1)
  5 quokkas
  3 ball pythons
  5 frilled lizards
  20 kobolds
  A leopard gecko skeleton (D:4)
  A rat (shapeshifter) (D:15)
  6 rats
  2 river rat simulacra (Lair:6)
  A plant (D:10)
1326 creatures vanquished.

Vanquished Creatures (collateral kills)
  Frederick (Vaults:4)
  Margery (Vaults:2)
  A storm dragon (Spider:4)
  Ilsuiw (Shoals:4)
  An ironheart preserver (Vaults:2)
  A very ugly thing (Vaults:2)
  An entropy weaver (Lair:4)
  A spark wasp (Spider:4)
  A fire dragon (Spider:4)
  A great orb of eyes (Vaults:2)
  2 vault guards
  A catoblepas (Lair:5)
  2 death yaks (Lair:6)
  A death knight (Vaults:2)
  2 orc high priests (Orc:2)
  A hell knight (Vaults:2)
  A deep elf knight (Vaults:2)
  A glowing orange brain (Vaults:2)
  An ironbrand convoker (Vaults:2)
  A deep elf mage (Vaults:2)
  An ugly thing (Vaults:2)
  An orc sorcerer (Orc:2)
  2 wolf spiders
  An orb spider (Spider:1)
  A merfolk siren (Shoals:4)
  A vault sentinel (Vaults:2)
  A wind drake (Shoals:4)
  5 hornets (Spider:4)
  A troll (Vaults:2)
  A snapping turtle (Shoals:3)
  A merfolk (Shoals:4)
  2 redbacks
  2 tarantellas
  A yak (Lair:6)
  A steam dragon (Vaults:2)
  3 orc warriors (Orc:2)
  A sky beast (Spider:4)
  3 centaurs (Vaults:2)
  2 ogres (Vaults:2)
  A bullfrog (Vaults:2)
  2 orc priests (Orc:2)
  A white imp (Vaults:2)
  2 orcs (Orc:2)
60 creatures vanquished.

Vanquished Creatures (others)
  Asterion (Vaults:2)
  A merfolk impaler (Shoals:4)
  2 merfolk sirens
  A merfolk (Shoals:4)
  A redback (Spider:4)
  An orc warrior (Vaults:1)
  A killer bee (Spider:1)
  2 orc priests
  2 orc wizards (Orc:2)
  2 orcs (Orc:2)
  A bush (Lair:6)
  30 fungi
  54 plants
  12 tentacles (Shoals:4)
111 creatures vanquished.

Grand Total: 1497 creatures vanquished

Notes
Turn   | Place    | Note
-------+----------+-------------------------------------------
     0 | D:1      | Matador8 the Demonspawn Gladiator began the quest for the Orb.
     0 | D:1      | Reached XP level 1. HP: 16/16 MP: 1/1
   305 | D:1      | Gained mutation: You have a pair of small horns on your head. [demonic ancestry]
   305 | D:1      | Reached XP level 2. HP: 22/22 MP: 2/2
   496 | D:1      | HP: 1/22 [frilled lizard (1)]
  1320 | D:2      | Gained mutation: You are partially covered in slimy green scales. (AC +2) [demonic ancestry]
  1320 | D:2      | Reached XP level 3. HP: 27/27 MP: 3/3
  1667 | D:2      | Found a faded altar of an unknown god.
  1718 | D:2      | Noticed Terence
  1785 | D:2      | HP: 1/27 [poisoned by an adder]
  1854 | D:2      | Gained mutation: You sometimes gain a little power by taking damage. [demonic ancestry]
  1854 | D:2      | Reached XP level 4. HP: 17/33 MP: 4/4
  1855 | D:2      | Noticed Jessica
  2861 | D:3      | Reached XP level 5. HP: 34/38 MP: 5/5
  3573 | D:2      | Killed Jessica
  3639 | D:2      | Killed Terence
  3639 | D:2      | Reached skill level 5 in Maces & Flails
  3928 | D:5      | Entered Level 5 of the Dungeon
  3992 | D:4      | Noticed a black bear
  3997 | D:4      | Killed a black bear
  3997 | D:4      | Gained mutation: You regenerate a little health from kills. [demonic ancestry]
  3997 | D:4      | Reached XP level 6. HP: 30/44 MP: 6/6
  5093 | D:4      | Gained mutation: You have a pair of horns on your head. [demonic ancestry]
  5093 | D:4      | Reached XP level 7. HP: 38/51 MP: 7/7
  5157 | D:5      | Reached skill level 3 in Fighting
  5550 | D:5      | Reached skill level 4 in Fighting
  5711 | D:5      | Reached XP level 8. HP: 61/61 MP: 8/8
  5723 | D:5      | Learned a level 1 spell: Confusing Touch
  5828 | D:5      | Found a shimmering altar of Xom.
  6015 | D:6      | Reached skill level 5 in Fighting
  6255 | D:6      | Reached skill level 1 in Armour
  6355 | D:6      | Found a staircase to the Ecumenical Temple.
  6448 | Temple   | Entered the Ecumenical Temple
  6545 | Temple   | Became a worshipper of Nemelex Xobeh the Trickster
  6622 | D:6      | Received a gift from Nemelex Xobeh
  6884 | D:7      | Noticed Menkaure
  7113 | D:7      | Killed Menkaure
  7113 | D:7      | Reached skill level 6 in Fighting
  7194 | D:7      | Reached XP level 9. HP: 71/71 MP: 9/9
  7342 | D:7      | Noticed Joseph
  7355 | D:7      | Killed Joseph
  7503 | D:7      | Reached skill level 1 in Invocations
  7653 | D:7      | Reached skill level 5 in Dodging
  7735 | D:7      | Reached skill level 7 in Fighting
  8045 | D:8      | Reached * piety under Nemelex Xobeh
  8120 | D:8      | Found a glowing golden altar of the Shining One.
  8844 | D:8      | Found a blossoming altar of Fedhas.
  8846 | D:8      | Noticed an oklob plant
  8846 | D:8      | Noticed an oklob plant
  8882 | D:8      | Received a gift from Nemelex Xobeh
  8941 | D:8      | Reached skill level 5 in Invocations
  8948 | D:8      | Gained mutation: You regenerate health from kills. [demonic ancestry]
  8948 | D:8      | Reached XP level 10. HP: 65/80 MP: 13/13
  8975 | D:8      | Reached skill level 5 in Armour
  9154 | D:8      | Noticed a three-headed hydra
  9917 | D:9      | Noticed empire's ghost (journeyman DrGl)
 11035 | D:9      | Reached ** piety under Nemelex Xobeh
 12005 | D:10     | Entered Level 10 of the Dungeon
 12195 | D:10     | Found Etway's Antique Armour Boutique.
 12476 | D:10     | Noticed a green ugly thing
 12719 | D:10     | Received a gift from Nemelex Xobeh
 13434 | D:10     | Found a staircase to the Orcish Mines.
 13436 | D:10     | Found a roughly hewn altar of Beogh.
 13554 | D:10     | Found a staircase to the Lair.
 13563 | D:10     | Reached skill level 8 in Fighting
 13914 | Lair:1   | Entered Level 1 of the Lair of Beasts
 13930 | Lair:1   | Noticed a spiny frog
 13950 | D:10     | Killed a spiny frog
 14080 | Lair:1   | Gained mutation: You are mostly covered in slimy green scales. (AC +3) [demonic ancestry]
 14080 | Lair:1   | Reached XP level 11. HP: 69/86 MP: 5/16
 14248 | Lair:1   | Received a gift from Nemelex Xobeh
 15914 | Lair:1   | Reached skill level 10 in Maces & Flails
 16599 | Lair:2   | Received a gift from Nemelex Xobeh
 17204 | Lair:2   | Reached *** piety under Nemelex Xobeh
 17339 | Lair:2   | Reached skill level 9 in Fighting
 19057 | Lair:3   | Found a staircase to the Shoals.
 19486 | Lair:3   | Reached XP level 12. HP: 79/96 MP: 17/19
 20116 | Lair:4   | Noticed Rupert
 20306 | Lair:4   | Found a hole to the Spider Nest.
 20326 | Lair:4   | Reached skill level 10 in Invocations
 20535 | Lair:4   | Noticed a five-headed hydra
 20615 | Lair:4   | Received a gift from Nemelex Xobeh
 21014 | Lair:4   | Killed a five-headed hydra
 21014 | Lair:4   | Reached skill level 10 in Fighting
 21014 | Lair:4   | Reached skill level 1 in Evocations
 21180 | Lair:4   | Reached **** piety under Nemelex Xobeh
 21447 | Lair:4   | Noticed a seven-headed hydra
 21758 | Lair:3   | Paralysed by a hornet for 1 turns
 22287 | Lair:4   | Received a gift from Nemelex Xobeh
 22535 | Lair:5   | Found a runed door.
 22535 | Lair:5   | Found a viscous altar of Jiyva.
 22561 | Lair:5   | Found a staircase to the Slime Pits.
 22922 | Lair:5   | Received a gift from Nemelex Xobeh
 23403 | Lair:4   | Gained mutation: You sometimes gain power by taking damage. [demonic ancestry]
 23403 | Lair:4   | Reached XP level 13. HP: 70/105 MP: 17/20
 24068 | Lair:5   | Received a gift from Nemelex Xobeh
 24218 | Lair:6   | Entered Level 6 of the Lair of Beasts
 24780 | Lair:5   | Killed Rupert
 24780 | Lair:5   | Reached skill level 11 in Fighting
 25189 | Lair:4   | Reached skill level 5 in Evocations
 25305 | Lair:6   | Got an ancient marble ring
 25315 | Lair:5   | Identified the ring "Doomirum" {Fire *Slow Int+3 SInv} (You found it on level 6 of the Lair of Beasts)
 27587 | Lair:6   | Received a gift from Nemelex Xobeh
 27741 | Lair:6   | Reached ***** piety under Nemelex Xobeh
 28294 | Lair:6   | Received a gift from Nemelex Xobeh
 28556 | Lair:6   | Reached skill level 12 in Fighting
 29270 | Lair:6   | Reached XP level 14. HP: 84/115 MP: 15/21
 30582 | Orc:1    | Entered Level 1 of the Orcish Mines
 30663 | Orc:1    | Noticed an orc warlord
 31083 | D:10     | Killed an orc warlord
 31648 | Orc:1    | Found Paagg's Food Emporium.
 31991 | Orc:2    | Entered Level 2 of the Orcish Mines
 31991 | Orc:2    | Noticed an orc warlord
 32193 | Orc:2    | Found a roughly hewn altar of Beogh.
 32260 | Orc:2    | Noticed an orc warlord
 32762 | Orc:1    | Killed an orc warlord
 32806 | Orc:2    | Killed an orc warlord
 33553 | Orc:2    | Received a gift from Nemelex Xobeh
 35163 | Orc:2    | Found a staircase to the Elven Halls.
 35201 | Orc:2    | Noticed an orc warlord
 35559 | Orc:2    | Killed an orc warlord
 35633 | Orc:2    | Found Rado Paseh's Antique Weapon Shop.
 36039 | Orc:2    | Received a gift from Nemelex Xobeh
 36065 | Orc:2    | Found Aplomoih's Food Emporium.
 36065 | Orc:2    | Found Wech's Antique Weapon Shop.
 36083 | Orc:2    | Found Wuol's Food Emporium.
 36083 | Orc:2    | Found Qyrynox's Magic Scroll Shop.
 36094 | Orc:2    | Bought a scroll of teleportation for 42 gold pieces
 36094 | Orc:2    | Bought a scroll of identify for 28 gold pieces
 36094 | Orc:2    | Bought a scroll of blinking for 105 gold pieces
 36094 | Orc:2    | Bought a scroll of identify for 28 gold pieces
 36094 | Orc:2    | Bought a scroll of identify for 28 gold pieces
 36094 | Orc:2    | Bought a scroll of identify for 28 gold pieces
 37169 | D:11     | Received a gift from Nemelex Xobeh
 37750 | D:11     | Received a gift from Nemelex Xobeh
 38084 | D:12     | Noticed Snorg
 38100 | D:12     | Killed Snorg
 38447 | D:12     | Found Siadunas's Book Shoppe.
 39271 | D:12     | Got a crude leather armour
 39310 | D:12     | Identified the +2 leather armour "Tel Minn" {rElec Str+4} (You found it on level 12 of the Dungeon)
 39353 | D:13     | Received a gift from Nemelex Xobeh
 39353 | D:13     | Found Vutao's Armour Emporium.
 39384 | D:13     | Found Idipakh's Magic Scroll Boutique.
 39387 | D:13     | Bought a scroll of teleportation for 51 gold pieces
 39387 | D:13     | Bought a scroll of teleportation for 51 gold pieces
 39387 | D:13     | Bought a scroll of teleportation for 51 gold pieces
 39387 | D:13     | Bought a scroll of identify for 34 gold pieces
 39397 | D:13     | Found Uxkiog's Magic Scroll Boutique.
 39414 | D:13     | Gained mutation: You are powered by pain. [demonic ancestry]
 39414 | D:13     | Reached XP level 15. HP: 122/122 MP: 24/24
 39422 | D:13     | Bought a scroll of teleportation for 48 gold pieces
 39422 | D:13     | Bought a scroll of teleportation for 48 gold pieces
 39422 | D:13     | Bought a scroll of teleportation for 48 gold pieces
 39422 | D:13     | Bought a scroll of noise for 16 gold pieces
 39541 | D:13     | Received a gift from Nemelex Xobeh
 39720 | D:13     | Found Moelles's Weapon Emporium.
 39977 | D:13     | Received a gift from Nemelex Xobeh
 40055 | D:13     | Found Gioqix's Weapon Shop.
 40296 | D:13     | Found a gate to the Vaults.
 40718 | D:13     | Identified a scroll of acquirement
 40955 | Spider:1 | Entered Level 1 of the Spider Nest
 41462 | Lair:4   | Reached skill level 10 in Armour
 41468 | Lair:4   | Reached skill level 10 in Dodging
 41999 | Spider:1 | Received a gift from Nemelex Xobeh
 42552 | Spider:1 | Reached skill level 13 in Fighting
 43366 | Spider:1 | Reached skill level 1 in Slings
 44199 | Spider:2 | Received a gift from Nemelex Xobeh
 47916 | Spider:3 | Noticed Bai Suzhen
 48618 | Spider:2 | Noticed Bai Suzhen
 48618 | Spider:2 | Bai Suzhen changed into Bai Suzhen the titan
 48626 | Spider:2 | Killed Bai Suzhen the titan
 48626 | Spider:2 | Gained mutation: You have a pair of large horns on your head. [demonic ancestry]
 48626 | Spider:2 | Reached XP level 16. HP: 112/132 MP: 15/25
 49718 | Spider:3 | Received a gift from Nemelex Xobeh
 49779 | Spider:4 | Entered Level 4 of the Spider Nest
 49786 | Spider:4 | Reached skill level 14 in Fighting
 53667 | Spider:4 | Received a gift from Nemelex Xobeh
 54804 | Spider:4 | Paralysed by a hornet for 2 turns
 55094 | Spider:4 | Paralysed by a hornet for 2 turns
 55146 | Spider:4 | Noticed a storm dragon
 55146 | Spider:4 | an emperor scorpion changed into a storm dragon
 55159 | Spider:4 | Killed a storm dragon
 55188 | Spider:4 | Got a gossamer rune of Zot
 55596 | D:13     | Bought a +3 ring mail of magic resistance for 312 gold pieces
 55805 | Shoals:1 | Entered Level 1 of the Shoals
 55831 | Shoals:2 | Noticed Frances
 55840 | Shoals:2 | Killed Frances
 56350 | Shoals:2 | Reached skill level 1 in Shields
 56403 | Shoals:2 | Noticed Roxanne
 56605 | Shoals:3 | Noticed Nikola
 57643 | Shoals:3 | Reached skill level 15 in Fighting
 57663 | Shoals:3 | Killed Nikola
 57699 | Shoals:4 | Entered Level 4 of the Shoals
 58189 | Shoals:4 | Noticed Ilsuiw
 59388 | Shoals:3 | Gained mutation: Your flesh is heat resistant. (rF+) [demonic ancestry]
 59388 | Shoals:3 | Reached XP level 17. HP: 103/142 MP: 22/26
 59529 | Shoals:4 | Killed Ilsuiw
 60049 | Shoals:4 | Reached skill level 5 in Shields
 61415 | Shoals:4 | Received a gift from Nemelex Xobeh
 61521 | Shoals:4 | Got a barnacled rune of Zot
 62046 | Vaults:1 | Entered Level 1 of the Vaults
 62142 | D:13     | Reached skill level 16 in Fighting
 62232 | Vaults:1 | Found Kualapnoux's General Store.
 63092 | Vaults:1 | You fall through a shaft!
 63865 | Vaults:2 | Noticed Margery
 63876 | Vaults:2 | Received a gift from Nemelex Xobeh
 65381 | D:14     | Reached XP level 18. HP: 153/153 MP: 27/27
 65453 | D:14     | Received a gift from Nemelex Xobeh
 65729 | D:15     | Entered Level 15 of the Dungeon
 66100 | D:15     | Received a gift from Nemelex Xobeh
 66917 | D:15     | Found a staircase to the Depths.
 66983 | D:13     | Bought a scroll of fear for 56 gold pieces
 66983 | D:13     | Bought a scroll of fear for 56 gold pieces
 67228 | Vaults:1 | Bought an uncursed amulet of rage for 520 gold pieces
 67546 | Vaults:1 | Received a gift from Nemelex Xobeh
 67705 | Vaults:1 | Reached skill level 17 in Fighting
 68434 | Vaults:2 | Killed Margery
 69001 | Vaults:2 | Noticed Asterion
 69014 | Vaults:2 | Killed Asterion
 69607 | Vaults:2 | Reached skill level 10 in Shields
 70844 | Vaults:2 | Found a staircase to the Crypt.
 71255 | Vaults:3 | Reached XP level 19. HP: 136/163 MP: 9/29
 71679 | Vaults:3 | Reached skill level 18 in Fighting
 71712 | Vaults:3 | Received a gift from Nemelex Xobeh
 71809 | Vaults:3 | Noticed Aizul
 71838 | Vaults:3 | Killed Aizul
 72087 | Vaults:3 | Reached ****** piety under Nemelex Xobeh
 72759 | Vaults:3 | Received a gift from Nemelex Xobeh
 73922 | Vaults:4 | Noticed Frederick
 73937 | Vaults:4 | Killed Frederick
 74061 | Vaults:4 | Received a gift from Nemelex Xobeh
 74092 | Vaults:4 | Noticed a lich
 74121 | Vaults:4 | Killed from afar by a lich

Skill      XL: |  1  2  3  4  5  6  7  8  9 10 11 12 13 14 15 16 17 18 19 |
---------------+----------------------------------------------------------+-----
Maces & Flails | 3 4 5 6 7 8 9 11 12 14 | 14.7
Throwing       | 2 3 4 |  4.0
Fighting       | 4 6 7 8 9 10 12 13 15 16 17 18 | 18.9
Dodging        | 4 5 6 7 9 11 12 | 12.5
Armour         | 3 4 6 7 9 10 11 12 | 12.0
Invocations    | 5 7 9 10 12 13 | 13.3
Evocations     | 4 5 |  5.0
Slings         | 4 |  4.7
Shields        | 4 8 10 12 | 12.6

Action                   |  1- 3 |  4- 6 |  7- 9 | 10-12 | 13-15 | 16-18 | 19-21 || total
-------------------------+-------+-------+-------+-------+-------+-------+-------++-------
Melee: Flail             |    96 |   249 |   330 |       |  1807 |  1895 |       ||  4377
       Headbutt          |    13 |    41 |    72 |   394 |   709 |   716 |   187 ||  2132
       Whip              |       |       |    67 |  1575 |   870 |       |       ||  2512
       Demon whip        |       |       |       |       |       |   772 |   586 ||  1358
 Fire: Hunting sling     |     9 |     4 |       |     2 |   140 |   106 |       ||   261
Throw: Throwing net      |     1 |     3 |     2 |     2 |       |     7 |       ||    15
       Javelin           |       |       |       |     1 |     6 |    23 |       ||    30
Invok: Stack Five        |       |       |       |       |     4 |     2 |       ||     6
 Abil: Evoke Berserk Rag |       |       |       |       |       |     4 |     2 ||     6
Evoke: Deck              |       |       |       |     1 |    48 |    39 |     4 ||    92
       Wand              |       |       |       |     6 |    49 |    17 |       ||    72
       Phial of floods   |       |       |       |       |       |     3 |     1 ||     4
  Use: Potion            |     4 |       |     2 |     4 |     9 |    23 |     1 ||    43
       Scroll            |       |       |     6 |     8 |    29 |    24 |     1 ||    68
 Stab: Invisible         |       |       |     2 |       |       |       |       ||     2
       Held in net/web   |       |       |     1 |     1 |       |       |       ||     2
       Petrified         |       |       |       |       |     1 |     2 |       ||     3
       Paralysed         |       |       |       |       |     3 |    13 |       ||    16
       Distracted        |       |       |       |       |     1 |       |     2 ||     3
  Eat: Chunk             |     3 |     7 |    13 |    38 |    29 |    29 |     6 ||   125
       Ration            |       |     1 |       |     3 |    16 |    14 |     2 ||    36
Armor: Leather armour    |    21 |       |       |       |   571 |   374 |       ||   966
       Scale mail        |    21 |   106 |   154 |   121 |       |       |       ||   402
       Ring mail         |       |       |       |   425 |   600 |   679 |   110 ||  1814
Dodge: Dodged            |    84 |   129 |   225 |   785 |  2374 |  1769 |   172 ||  5538
Block: Shield            |       |       |       |       |       |   881 |   229 ||  1110
